 Dungeon Crawl Stone Soup version 0.20.1-1-g8b1a95d (webtiles) character file.

606 Jazqa the Twirler (level 7, -3/57 HPs)
             Began as a Demonspawn Gladiator on Oct 27, 2017.
             Slain by an ogre
             ... wielding a +0 giant club
              (20 damage)
             ... on level 4 of the Dungeon.
             The game lasted 00:05:38 (2920 turns).

Jazqa the Twirler (Demonspawn Gladiator)            Turns: 2920, Time: 00:05:39

Health: -3/57      AC:  5    Str: 17    XL:     7   Next: 19%
Magic:  0/16       EV: 12    Int:  9    God:
Gold:   149        SH:  0    Dex: 16    Spells: 6/6 levels left

rFire    + . .     SeeInvis +   a - +1 quarterstaff
rCold    . . .     Gourm    .   (shield currently unavailable)
rNeg     . . .     Faith    .   k - +0 ring mail
rPois    .         Spirit   +   (helmet restricted)
rElec    .         Reflect  .   (no cloak)
rCorr    .         Harm     .   (no gloves)
MR       +....                  (no boots)
Stlth    +.........             G - amulet of guardian spirit
Regen    0.2/turn               W - ring of magical power
MPRegen  0.2/turn               v - ring of see invisible

@: no status effects
A: claws 1, horns 1, thin skeletal structure 1, fire resistance 1, magic
resistance 1
a: no special abilities


You were on level 4 of the Dungeon.
You were not hungry.

You visited 1 branch of the dungeon, and saw 4 of its levels.

You collected 149 gold pieces.


Innate Abilities, Weirdness & Mutations

You have sharp fingernails.
You have a somewhat thin skeletal structure. (Dex +2, Stealth)
Your flesh is heat resistant. (rF+)
You have a pair of small horns on your head.
You are resistant to hostile enchantments. (MR+)


   Skills:
 + Level 5.7 Fighting
 + Level 5.7 Staves
 - Level 1.7 Throwing
 - Level 2.6 Dodging


You had 6 spell levels left.
You didn't know any spells.

Inventory:

Hand Weapons
 a - a +1 quarterstaff (weapon)
Missiles
 d - 3 throwing nets (quivered) {=f}
Armour
 b - a +0 leather armour
 c - a +1 helmet
 k - a +0 ring mail (worn)
Jewellery
 v - a ring of see invisible (right claw)
 F - an uncursed ring of fire
 G - an amulet of guardian spirit (around neck)
 W - a ring of magical power (left claw)
Wands
 e - a wand of random effects (36/48)
Scrolls
 i - a scroll of enchant armour
 l - a scroll of teleportation {@r4}
 m - a scroll of remove curse {unknown}
Potions
 h - 2 potions of lignification {!q}
 j - a potion of curing {unknown}
 n - a potion of might
 o - a potion of ambrosia
 p - a potion of resistance
Comestibles
 f - 3 bread rations {@e1}
 g - 2 meat rations {@e1}

Dungeon Overview and Level Annotations

Branches:
Dungeon (4/15)
 Temple: D:4-7

Altars:
Ashenzari

...#....# ..# .... ##......# ..
.... ###....# .######...#
####....#########........ $#
..................# #..##.#
....).......###..#####..†..#
.'########'.##......##.#####
.#........#.#..#O......#
.#.'▓▓▓▓'.#..(..@##.##.#
.#.▓....▓.#.#.#.###.##.#
.#.▓.▒▒.▓.#...#.# #.##.#
(#.▓.▒▒.▓.#.###.###.##.#
.#.▓..).▓.#......##.#..# #####
.#.+▓▓▓▓+.#.###.......####...##
.#.. ..#.#...###.....#.....##
.+########+.#.#####.###........#
..............# ##..# #......>.#


You could see an ogre.


Message History

Unknown command.
You see here a ring mail.
k - a ring mail Wear which item? (? for menu, Esc to quit)
You finish taking off your +0 leather armour.
Keep equipping yourself?
You finish putting on your +0 ring mail.
You hit the ogre.
The ogre is lightly wounded.
The ogre hits you with a giant club!
You closely miss the ogre.
You headbutt the ogre, but do no damage.
The ogre is lightly wounded.
The ogre hits you with a giant club!
You barely miss the ogre.
The ogre is lightly wounded.
The ogre barely misses you.
You barely miss the ogre.
The ogre is lightly wounded.
You thump the ogre!
The ogre is heavily wounded.
The ogre hits you with a giant club!
You hit the ogre. You headbutt the ogre.
The ogre is almost dead.
The ogre hits you with a giant club!!
* * * LOW HITPOINT WARNING * * *
You barely miss the ogre.
The ogre is almost dead.
The ogre hits you with a giant club!!
You die...

Skill      XL: |  1  2  3  4  5  6 |
---------------+-------------------+-----
Staves         | 3 4 5 |  5.7
Fighting       | 3 4 5 |  5.7
Throwing       | |  1.7
Dodging        | |  2.6

Action                   |  1- 3 |  4- 6 |  7- 9 || total
-------------------------+-------+-------+-------++-------
Melee: Quarterstaff      |   100 |   100 |    23 ||   223
       Headbutt          |       |     5 |     8 ||    13
  Use: Scroll            |     5 |     4 |       ||     9
       Potion            |       |     5 |       ||     5
 Stab: Sleeping          |     1 |     3 |     1 ||     5
  Eat: Chunk             |     1 |     4 |     2 ||     7
Armor: Leather armour    |    48 |    26 |     1 ||    75
Dodge: Dodged            |    91 |    59 |     9 ||   159

Vault maps used:
D:1:      saegor_arrival_simple_d
D:2:      minmay_splitting_lines
D:3:      nicolae_ashenzari_panopticon, uniq_ijyb, uniq_grinder
D:4:      kennysheep_the_goblin_king, minivault_11, uniq_blork_the_orc

Notes
Turn   | Place    | Note
-------+----------+-------------------------------------------
     0 | D:1      | Jazqa the Demonspawn Gladiator began the quest for the Orb.
     0 | D:1      | Reached XP level 1. HP: 16/16 MP: 1/1
   267 | D:1      | Reached skill level 3 in Staves
   271 | D:1      | Gained mutation: You have sharp fingernails. [demonic ancestry]
   271 | D:1      | Reached XP level 2. HP: 22/23 MP: 2/2
   674 | D:1      | Gained mutation: You have a somewhat thin skeletal structure. (Dex +2, Stealth) [demonic ancestry]
   674 | D:1      | Reached XP level 3. HP: 25/28 MP: 3/3
   938 | D:2      | Reached skill level 3 in Fighting
  1166 | D:2      | Identified a potion of resistance
  1191 | D:2      | Reached XP level 4. HP: 35/35 MP: 4/4
  1466 | D:3      | Noticed Ijyb
  1469 | D:3      | Noticed Grinder
  1484 | D:3      | Killed Ijyb
  1484 | D:3      | Reached skill level 4 in Staves
  1491 | D:3      | Killed Grinder
  1491 | D:3      | Reached skill level 4 in Fighting
  1491 | D:3      | Reached XP level 5. HP: 33/43 MP: 5/5
  1491 | D:3      | Reached XP level 6. HP: 39/50 MP: 6/6
  1599 | D:3      | Found a shattered altar of Ashenzari.
  1835 | D:3      | Reached skill level 5 in Staves
  2248 | D:4      | Reached skill level 5 in Fighting
  2259 | D:4      | Gained mutation: You have a pair of small horns on your head. [potion of mutation]
  2259 | D:4      | Gained mutation: You are resistant to hostile enchantments. (MR+) [potion of mutation]
  2334 | D:4      | Noticed Blork the orc
  2370 | D:4      | Killed Blork the orc
  2370 | D:4      | Gained mutation: Your flesh is heat resistant. (rF+) [demonic ancestry]
  2370 | D:4      | Reached XP level 7. HP: 11/56 MP: 3/7
  2920 | D:4      | Slain by an ogre

Vanquished Creatures
  Grinder (D:3)
  Blork the orc (D:4)
  A bullfrog (D:4)
  A scorpion (D:4)
  A bullfrog skeleton (D:4)
  Ijyb (D:3)
  An iguana (D:4)
  A hound skeleton (D:4)
  A worker ant zombie (D:3)
  3 adders
  An ooze (D:3)
  2 worms (D:2)
  2 dart slugs
  2 leopard geckos
  4 giant cockroaches
  9 goblins
  5 hobgoblins
  6 jackals
  9 kobolds
  2 quokkas
  A ball python (D:4)
  6 bats
  4 frilled lizards
  13 rats
78 creatures vanquished.
